 Dungeon Crawl Stone Soup version 0.20.1-1-g8b1a95d (webtiles) character file.

79 vatarom the Chopper (level 4, -3/35 HPs)
             Began as a Demonspawn Chaos Knight on Sept 21, 2017.
             Killed by nerve-wracking pain
             ... invoked by an orc priest
              (7 damage)
             ... on level 3 of the Dungeon.
             The game lasted 00:03:31 (2379 turns).

vatarom the Chopper (Demonspawn Chaos Knight)       Turns: 2379, Time: 00:03:32

Health: -3/35      AC:  5    Str: 12    XL:     4   Next: 16%
Magic:  4/4        EV: 17    Int: 13    God:    Xom [......]
Gold:   112        SH:  0    Dex: 21    Spells: 3/3 levels left

rFire    . . .     SeeInvis .   a - +1 hand axe (chaos)
rCold    . . .     Gourm    .   (no shield)
rNeg     . . .     Faith    .   b - +2 leather armour
rPois    .         Spirit   .   (no helmet)
rElec    .         Reflect  .   (no cloak)
rCorr    .         Harm     .   (no gloves)
MR       .....                  (no boots)
Stlth    ++........             (no amulet)
Regen    0.2/turn               (no ring)
MPRegen  0.1/turn               (no ring)

@: confused, agile, drained
A: thin skeletal structure 1
a: Renounce Religion


You were on level 3 of the Dungeon.
You worshipped Xom.
You were a very special plaything of Xom.
You were not hungry.

You visited 1 branch of the dungeon, and saw 3 of its levels.

You collected 112 gold pieces.

Inventory:

Hand Weapons
 a - a +1 hand axe of chaos (weapon)
Armour
 b - a +2 leather armour (worn)
Scrolls
 e - 2 scrolls of identify
 f - a scroll of remove curse {unknown}
Potions
 d - a potion of resistance
 i - a potion of lignification {unknown}
 k - a potion of degeneration {unknown}
Comestibles
 c - a bread ration
 g - a royal jelly


   Skills:
 + Level 3.4(3.1) Fighting
 * Level 3.6(3.4) Axes
 + Level 2.2(2.0) Armour
 + Level 1.6(1.3) Dodging


You had 3 spell levels left.
You didn't know any spells.

Dungeon Overview and Level Annotations

Branches:
Dungeon (3/15)

Altars:


Innate Abilities, Weirdness & Mutations

You have a somewhat thin skeletal structure. (Dex +2, Stealth)


Message History

You barely miss the orc.
The orc is almost dead.
You hit the orc priest but do no damage.
You closely miss the orc priest. The orc priest hits you with a club.
* * * LOW HITPOINT WARNING * * *
The orc hits you but does no damage.
The orc priest calls upon Beogh to heal the orc.
The orc's wounds heal themselves!
It was a potion of agility.
You feel agile all of a sudden.
Xom roars with laughter!
Xom titters.
You are confused.
The orc priest hits you with a club.
* * * LOW HITPOINT WARNING * * *
The orc completely misses you.
The giant cockroach bites you but does no damage.
The orc priest calls down the wrath of Beogh upon you.
Pain shoots through your body!
You die...
Xom howls with laughter!

#.# #...... ##'## #.##.##
##...## #.##.## #.#
##.....## #.##.## ....
##.......## ##.##.##
.....#.........####...#.##
......'(........'..........
...##.#.........####.....##
#.##..@o...## ##.#.## #
##oos..## ###.# ##...## #.#
##'## #.# .. #.# .## #.# .#
..


You could see 2 orc priests, an orc and a giant cockroach.

Vanquished Creatures
  An adder (D:3)
  An ooze (D:3)
  4 worms
  2 dart slugs
  2 leopard geckos
  4 bats
  4 giant cockroaches
  6 hobgoblins
  4 jackals (D:1)
  A quokka (D:2)
  A ball python (D:2)
  A frilled lizard (D:2)
  2 goblins
  9 kobolds
  5 rats
47 creatures vanquished.

Notes
Turn   | Place    | Note
-------+----------+-------------------------------------------
     0 | D:1      | vatarom the Demonspawn Chaos Knight began the quest for the Orb.
     0 | D:1      | Reached XP level 1. HP: 18/18 MP: 1/1
    47 | D:1      | Reached skill level 1 in Dodging
   391 | D:1      | Gained mutation: You have a somewhat thin skeletal structure. (Dex +2, Stealth) [demonic ancestry]
   391 | D:1      | Reached XP level 2. HP: 18/24 MP: 2/2
   820 | D:2      | XOM: butterfly on damage
   826 | D:2      | Reached XP level 3. HP: 8/29 MP: 3/3
  1095 | D:2      | XOM: divination: magic mapping
  1196 | D:2      | XOM: divination: detect items
  2092 | D:3      | Reached XP level 4. HP: 31/35 MP: 4/4
  2373 | D:3      | XOM is BORED!
  2373 | D:3      | XOM: enchant monster (bad)
  2379 | D:3      | XOM: confusion
  2379 | D:3      | Killed from afar by an orc priest

Skill      XL: |  1  2 |
---------------+-------+-----
Dodging        | 1 |  1.6
Armour         | 2 |  2.2
Axes           | 3 |  3.6
Fighting       | |  3.4

Action                   |  1- 3 |  4- 6 || total
-------------------------+-------+-------++-------
Melee: Hand axe          |   137 |    17 ||   154
  Use: Scroll            |     7 |       ||     7
       Potion            |     1 |     1 ||     2
 Stab: Sleeping          |     4 |       ||     4
       Petrified         |     2 |       ||     2
       Petrifying        |     1 |       ||     1
  Eat: Chunk             |     2 |     1 ||     3
       Royal jelly       |     1 |       ||     1
Armor: Leather armour    |    55 |     4 ||    59
Dodge: Dodged            |    91 |    10 ||   101
